 Dungeon Crawl Stone Soup version 0.30-a0-964-gd452b5e7fa (webtiles) character file.

Game seed: 12546575982219076213

147 123456 the Digger (level 5, -3/28 HPs)
             Began as a Gargoyle Earth Elementalist on Mar 2, 2023.
             Killed from afar by jasper's ghost (5 damage)
             ... with a blast of sand
             ... on level 3 of the Dungeon on Mar 30, 2023.
             The game lasted 00:05:24 (2501 turns).

123456 the Digger (Gargoyle Earth Elementalist)     Turns: 2501, Time: 00:05:24

Health: -3/28      AC:  6    Str: 18    XL:     5   Next: 29%
Magic:  1/9        EV: 12    Int: 17    God:
Gold:   157        SH:  0    Dex: 10    Spells: 6/10 levels left

rFire   . . .      SeeInvis .    f - +2 dagger (protect)
rCold   . . .      Faith    .    (no shield)
rNeg    + . .      Spirit   .    a - +0 robe
rPois   ∞          Reflect  .    (no helmet)
rElec   +          Rampage  .    (no cloak)
rCorr   .                        (no gloves)
Will    .....                    (no boots)
Stlth   ++                       (no amulet)
HPRegen 0.24/turn                h - +6 ring of strength
MPRegen 0.11/turn                (no ring)

@: mighty
A: sickness immunity, AC +4, negative energy resistance 1, electricity
resistance, torment resistance 1, petrification resistance
a: no special abilities


You were on level 3 of the Dungeon.
You visited 1 branch of the dungeon, and saw 3 of its levels.

You collected 157 gold pieces.

Inventory:

Hand Weapons
 f - a +2 dagger of protection (weapon)
Missiles
 b - a throwing net
Armour
 a - a +0 robe (worn)
Jewellery
 d - a ring of ice
 h - a +6 ring of strength (left hand)
Scrolls
 g - a scroll of identify
 j - a scroll of acquirement {unknown}
 l - a scroll of fear {unknown}
Potions
 e - a potion of heal wounds {unknown}
 i - a potion of might
 k - a potion of attraction {unknown}
 m - a potion of curing {unknown}


   Skills:
 + Level 2.1 Dodging
 + Level 3.1 Stealth
 * Level 3.1 Spellcasting
 + Level 1.1 Conjurations
 - Level 0.7 Transmutations
 * Level 5.0 Earth Magic


You had 6 spell levels left.
You knew the following spells:

 Your Spells              Type           Power      Damage    Failure   Level
a - Sandblast             Erth           38%        2d10      2%          1
b - Stone Arrow           Conj/Erth      26%        3d8       14%         3

Your spell library contained the following spells:

 Spells                   Type           Power      Damage    Failure   Level
 Passwall                 Tmut/Erth      10%        N/A       8%          2
 Scorch                   Fire           4%         2d5       26%         2
 Petrify                  Tmut/Erth      12%        N/A       45%         4
 Flame Wave               Conj/Fire      4%         2d5       80%         4
 Dispel Undead            Necr           2%         3d7       86%         4
 Death Channel            Necr           1%         N/A       100%        6
 Summon Cactus Giant      Summ           1%         N/A       100%        6
 Cigotuvi's Dreadful Rot  Necr/Pois/Air  Unusable   N/A       N/A         2

Dungeon Overview and Level Annotations

Branches:
Dungeon (3/15)

Altars:

Annotations:
D:3 jasper's ghost, amateur GrEE


Innate Abilities, Weirdness & Mutations

You are immune to sickness and miasma.
Your stone body is resilient. (AC +4)
You are immune to poison.
You resist negative energy. (rN+)
You are resistant to electric shocks. (rElec)
You are resistant to unholy torment.
You are immune to petrification.


Message History

The blast of sand hits the adder.
The adder is moderately wounded.
The adder bites you. The adder barely misses you.
The blast of sand hits the adder!
You kill the adder!
Jasper's ghost points at you and mumbles some strange words.
The blast of sand hits you.
Casting: Sandblast (safe; 2% risk of failure)
Confirm with . or Enter, or press ? or * to list all spells.
The spell is quite dangerous to miscast (14% risk of failure)!
Continue anyway?
Aiming: Stone Arrow (quite dangerous; 14% risk of failure)
Press: ? - help, Shift-Dir - straight line, f - jasper's ghost
Aim: jasper's ghost (64% to hit)
The stone arrow misses jasper's ghost.
Jasper's ghost hits you!
Casting: Stone Arrow (quite dangerous; 14% risk of failure)
Confirm with . or Enter, or press ? or * to list all spells.
You don't have enough magic to cast this spell.
Aiming: Sandblast (safe; 2% risk of failure)
Press: ? - help, Q - select action, (/) - cycle Shift-Dir - straight line, f/p - jasper's ghost
Aim: jasper's ghost (80% to hit)
The blast of sand hits jasper's ghost but does no damage.
Jasper's ghost hits you.
Unknown command.
Aiming: Sandblast (safe; 2% risk of failure)
Press: ? - help, Q - select action, (/) - cycle Shift-Dir - straight line, f/p - jasper's ghost
Aim: jasper's ghost (80% to hit)
The blast of sand hits jasper's ghost but does no damage.
Jasper's ghost gestures at you while chanting.
The blast of sand hits you.
* * * LOW HITPOINT WARNING * * *
Jasper's ghost hits you.
* * * LOW HITPOINT WARNING * * *
As you read the scroll labelled MUSOIR ETAGOT, it crumbles to dust.
It is a scroll of identify.
i - 2 potions of might Jasper's ghost misses you.
You feel very mighty all of a sudden. Jasper's ghost casts a spell at you.
The blast of sand hits you.
You die...

.# ..# ...
#####.#
#..@..#
#.#W#.#
#.#~###
#.#~##
#.#~# #.#~#
#.#)#
#######.#~#
#...>...#


You could see jasper's ghost.

Vanquished Creatures
  4 gnolls
  6 adders
  A worm (D:2)
  A dart slug (D:3)
  4 endoplasms
  A giant cockroach (D:1)
  6 goblins
  4 hobgoblins
  4 jackals (D:1)
  2 quokkas (D:2)
  2 ball pythons
  3 bats
  3 frilled lizards
  6 kobolds
  7 rats
54 creatures vanquished.

Notes
Turn   | Place    | Note
-------+----------+-------------------------------------------
     0 | D:1      | 123456 the Gargoyle Earth Elementalist began the quest for
                  | the Orb.
     0 | D:1      | Reached XP level 1. HP: 10/10 MP: 3/3
   193 | D:1      | Reached XP level 2. HP: 15/15 MP: 3/5
   478 | D:1      | Reached skill level 4 in Earth Magic
   620 | D:1      | Reached XP level 3. HP: 19/19 MP: 4/6
   671 | D:1      | Learned a level 3 spell: Stone Arrow
  1455 | D:1      | Reached XP level 4. HP: 12/24 MP: 0/8
  1534 | D:1      | Upgraded the game from 0.30-a0-840-ga523dec638 to
                  | 0.30-a0-964-gd452b5e7fa
  2093 | D:2      | Found a faded altar of an unknown god.
  2194 | D:2      | Reached XP level 5. HP: 28/28 MP: 6/9
  2283 | D:2      | Reached skill level 1 in Conjurations
  2477 | D:3      | Found a runed translucent door.
  2481 | D:3      | Noticed jasper's ghost (amateur GrEE)
  2495 | D:3      | Reached skill level 5 in Earth Magic
  2501 | D:3      | Killed from afar by jasper's ghost

Illustrated notes

Levels and vault maps discovered:
D:1:      psy_arrival_dodecagon, layout_basic, serial_forest,
          infiniplex_forest_clump_double, infiniplex_forest_lined_1,
          infiniplex_forest_end_3, infiniplex_forest_end_2,
          infiniplex_forest_lined_room_2, infiniplex_forest_straight_3,
          infiniplex_forest_straight_1, infiniplex_forest_clump_diagonal,
          nrook_campfire
D:2:      minmay_wonky_spiral, layout_rooms, basic_ecumenical_altar
D:3:      layout_rooms, vehumet_altar_wand_db, serial_curves, eino_curves_02,
          eino_curves_01, eino_curves_03, ebering_ghost_sewer_d

Skill      XL: |  1  2  3  4  5 |
---------------+----------------+-----
Earth Magic    | 4 5 |  5.0
Dodging        | 2 |  2.1
Spellcasting   | 3 |  3.1
Stealth        | 3 |  3.1
Conjurations   | 1 |  1.1
Transmutations | |  0.7

Action                     |  1- 3 |  4- 6 || total
---------------------------+-------+-------++-------
  Melee: Short sword       |     1 |       ||     1
         Dagger            |    13 |     5 ||    18
   Cast: Sandblast         |    35 |    33 ||    68
         Stone Arrow       |     4 |     7 ||    11
    Use: Potion            |     1 |     1 ||     2
         Scroll            |       |     3 ||     3
 Armour: Robe              |    17 |     8 ||    25
  Dodge: Dodged            |    31 |    20 ||    51

Table legend: (Time is in decaauts)
 A = Elapsed time spent in this place.
 B = Non-inter-level travel time spent in this place.
 C = Inter-level travel time spent in this place.
 D = Time resting spent in this place.
 E = Time spent auto-exploring this place.
 F = Levels seen in this place.
 G = Mean time per level.
                   A        B        C        D        E       F      G
               +--------+--------+--------+--------+--------+-----+--------+
         Total |   2535 |   2502 |     33 |    411 |   1768 |   3 |  845.0 |
       Dungeon |   2535 |   2502 |     33 |    411 |   1768 |   3 |  845.0 |
               +--------+--------+--------+--------+--------+-----+--------+

Top non-repeatable levels by time:
     D:1: 1653 daAuts
     D:2: 757 daAuts
     D:3: 123 daAuts
